 Dungeon Crawl Stone Soup version 0.21.0-3-g78d12a8 (webtiles) character file.

2556 tilp the Destroyer (level 9, -1/74 HPs)
             Began as a White Draconian Conjurer on Jan 9, 2018.
             Was a Follower of Vehumet.
             Shot with an arrow by a centaur (4 damage)
             ... on level 6 of the Dungeon.
             The game lasted 00:23:53 (8494 turns).

tilp the Destroyer (White Draconian Conjurer)       Turns: 8494, Time: 00:23:54

Health: -1/74      AC:  9    Str: 10    XL:     9   Next: 31%
Magic:  19/19      EV: 13    Int: 19    God:    Vehumet [*.....]
Gold:   238        SH:  0    Dex: 12    Spells: 15/22 levels left

rFire    . . .     SeeInvis .   C - +1 whip (venom)
rCold    + . .     Gourm    .   (no shield)
rNeg     . . .     Faith    .   (armour unavailable)
rPois    .         Spirit   .   (helmet restricted)
rElec    .         Reflect  .   (no cloak)
rCorr    .         Harm     .   c - +1 pair of gloves
MR       .....                  (no boots)
Stlth    +.........             (no amulet)
HPRegen  0.22/turn              (no ring)
MPRegen  0.16/turn              (no ring)

@: confused
A: breathe frost, unfitting armour, cold resistance 1, cold-blooded, AC +7
a: Breathe Frost, Renounce Religion


You were on level 6 of the Dungeon.
You worshipped Vehumet.
Vehumet was aware of your devotion.
You were not hungry.

You visited 2 branches of the dungeon, and saw 10 of its levels.

You collected 238 gold pieces.

Inventory:

Hand Weapons
 n - a +1 dagger of holy wrath
 p - a +2 short sword of electrocution
 C - a +1 whip of venom (weapon)
 J - a +1 long sword of freezing
 K - a +3 whip
Missiles
 d - 22 sling bullets
 e - 166 stones
 f - 36 arrows
 t - 5 curare-tipped needles
 u - 7 poisoned needles
 v - 19 bolts
 w - 2 javelins of penetration
 H - 3 needles of sleeping
 L - 5 tomahawks (quivered)
Armour
 c - a +1 pair of gloves (worn)
Jewellery
 i - an uncursed ring of poison resistance {unknown}
 s - a +5 ring of strength {unknown}
 A - an uncursed amulet of faith {unknown}
Wands
 q - a wand of flame (10)
 G - a wand of enslavement (25)
Scrolls
 h - a scroll of blinking
 m - a scroll of fear
 y - 4 scrolls of remove curse
 z - a scroll of vulnerability {unknown}
 F - a scroll of fog
Potions
 g - a potion of ambrosia
 j - a potion of cancellation {unknown}
 l - 3 potions of curing {unknown}
 o - 2 potions of agility {unknown}
 r - a potion of degeneration {unknown}
 x - a potion of mutation {unknown}
 B - a potion of invisibility {unknown}
 E - a potion of flight {unknown}
 I - a potion of might {unknown}
Books
 a - a book of Conjurations

   Spells                             Type                      Level
   a - Magic Dart                     Conjuration                  1
   b - Searing Ray                    Conjuration                  2
   c - Dazzling Spray                 Conjuration/Hexes            3
   d - Fulminant Prism                Conjuration/Hexes            4
   e - Force Lance                    Conjuration/Translocation    4
   f - Iskenderun's Mystic Blast      Conjuration                  4
Comestibles
 b - 7 rations
 k - 3 chunks of flesh


   Skills:
 + Level 5.5 Fighting
 - Level 4.0 Dodging
 - Level 1.7 Stealth
 + Level 7.0 Spellcasting
 + Level 8.9 Conjurations


You had 15 spell levels left.
You knew the following spells:

 Your Spells              Type           Power        Failure   Level  Hunger
a - Magic Dart            Conj           ####         1%          1    None
b - Searing Ray           Conj           #####.       1%          2    None
c - Iskenderun's Mystic   Conj           #####...     2%          4    ###....


Dungeon Overview and Level Annotations

Branches:
Dungeon (9/15)             Temple (1/1) D:5
   Lair: D:8-11         Orc: D:9-12

Altars:
Ashenzari
Cheibriados
Dithmenos
Fedhas
Gozag
Hepliaklqana
Kikubaaqudgha
Makhleb
Nemelex Xobeh
Okawaru
Ru
Sif Muna
Trog
Uskayaw
Vehumet
Wu Jian
Xom
Yredelemnul
Zin
The Shining One

Annotations:
D:7 jazmu's ghost, novice OpAK
D:9 Prince Ribbit


Innate Abilities, Weirdness & Mutations

You can breathe waves of freezing cold.
You can buffet flying creatures when you breathe cold.
Your icy white scales are hard. (AC +7)
You cannot fit into any form of body armour.
Your flesh is cold resistant. (rC+)
You are cold-blooded and may be slowed by cold attacks.


Message History

You are confused.
You feel invigorated. The centaur closely misses you. x2
You hit the centaur.
You tail-slap the centaur, but do no damage.
The centaur is severely wounded.
The centaur hits you but does no damage.
You bump into the stone wall.
The centaur closely misses you. The centaur barely misses you.
You bump into the stone wall.
The centaur closely misses you.
You feel less invigorated.
You feel less confused.
The centaur wields an uncursed shortbow of velocity.
The centaur shoots an arrow.
The arrow hits you but does no damage.
The centaur shoots an arrow.
The arrow hits you!
* * * LOW HITPOINT WARNING * * *
x2 You see here an arrow.
You are confused.
You feel invigorated.
The centaur shoots an arrow.
The arrow hits you!
* * * LOW HITPOINT WARNING * * *
You die...

.<......##.....#
#....#.........
.......h<..#.
##.####.........
.........##..#
##..# ##........
#)####..## ##
#..## ##.......
#... ##.##
....#### #....
##.รท# #####
###### #..## #..#
#.# #.@####...#
#.......#
#########c.....#
#.......(.....##
#......(###......
........# ...###
......... ...#
#.......## <..#
#...!...# ...#


You could see a centaur.

Vanquished Creatures
  A hippogriff (D:9)
  3 yaks (D:9)
  A water moccasin (D:8)
  A sky beast (D:5)
  3 phantoms
  An ogre (D:5)
  Blork the orc (D:5)
  3 bullfrogs
  A scorpion (D:8)
  2 howler monkeys (D:4)
  A crimson imp (D:5)
  A gnoll shaman (D:5)
  3 bullfrog skeletons
  2 hounds
  3 orc priests
  Terence (D:2)
  2 iguanas
  5 orc wizards
  5 worker ants
  A hound zombie (D:5)
  8 gnolls
  11 adders
  3 shadow imps
  An ooze (D:3)
  5 worms
  A dart slug (D:1)
  5 leopard geckos
  18 orcs
  5 giant cockroaches
  14 goblins
  8 hobgoblins
  14 jackals
  12 kobolds
  3 quokkas
  2 ball pythons
  8 bats
  9 frilled lizards
  5 rats
173 creatures vanquished.

Notes
Turn   | Place    | Note
-------+----------+-------------------------------------------
     0 | D:1      | tilp the Draconian Conjurer began the quest for the Orb.
     0 | D:1      | Reached XP level 1. HP: 14/14 MP: 3/3
   357 | D:1      | Reached XP level 2. HP: 20/20 MP: 3/5
   361 | D:1      | Learned a level 2 spell: Searing Ray
   733 | D:1      | Reached skill level 5 in Conjurations
   774 | D:1      | Reached XP level 3. HP: 26/26 MP: 3/6
  1355 | D:2      | Noticed Terence
  1466 | D:2      | Killed Terence
  1466 | D:2      | Reached XP level 4. HP: 20/33 MP: 0/7
  1586 | D:2      | Learned a level 4 spell: Iskenderun's Mystic Blast
  1979 | D:2      | Reached skill level 6 in Conjurations
  2097 | D:2      | Found an ancient bone altar of Kikubaaqudgha.
  2097 | D:2      | Found a burning altar of Makhleb.
  2369 | D:2      | Reached XP level 5. HP: 38/38 MP: 3/8
  3370 | D:3      | Reached skill level 7 in Conjurations
  4160 | D:4      | Reached XP level 6. HP: 27/45 MP: 2/9
  4896 | D:4      | Reached skill level 8 in Conjurations
  5297 | D:4      | Reached skill level 1 in Fighting
  5297 | D:4      | Your scales start taking on an icy white colour.
  5297 | D:4      | Reached XP level 7. HP: 52/52 MP: 4/10
  5297 | D:4      | Gained mutation: Your flesh is cold resistant. (rC+) [White Draconian growth]
  5435 | D:4      | Found an opulent altar of Gozag.
  5553 | D:4      | Found a sparkling altar of Nemelex Xobeh.
  5730 | D:5      | Entered Level 5 of the Dungeon
  6081 | D:5      | Found a staircase to the Ecumenical Temple.
  6094 | Temple   | Entered the Ecumenical Temple
  6250 | Temple   | Became a worshipper of Vehumet
  6294 | D:5      | Noticed Blork the orc
  6316 | D:5      | Killed Blork the orc
  6668 | D:5      | Reached XP level 8. HP: 64/64 MP: 7/13
  7282 | D:5      | Reached * piety under Vehumet
  7282 | D:5      | Offered knowledge of Sting by Vehumet.
  7351 | D:6      | You fall through a shaft for 3 floors!
  7501 | D:9      | Noticed a hippogriff
  7519 | D:9      | Killed a hippogriff
  7519 | D:9      | Reached skill level 5 in Spellcasting
  7570 | D:9      | Noticed Prince Ribbit
  7942 | D:9      | Reached XP level 9. HP: 66/73 MP: 3/19
  7953 | D:9      | Reached skill level 5 in Fighting
  8399 | D:7      | Noticed jazmu's ghost (novice OpAK)
  8494 | D:6      | HP: 3/74 [centaur/arrow (13)]
  8494 | D:6      | Shot with an arrow by a centaur

Skill      XL: |  1  2  3  4  5  6  7  8  9 |
---------------+----------------------------+-----
Conjurations   | 5 6 7 8 |  8.9
Dodging        | 2 3 4 |  4.0
Fighting       | 1 3 4 5 |  5.5
Spellcasting   | 3 6 7 |  7.0
Stealth        | |  1.7

Action                   |  1- 3 |  4- 6 |  7- 9 || total
-------------------------+-------+-------+-------++-------
Melee: Mace              |     9 |       |       ||     9
       Dagger            |    46 |   175 |       ||   221
       Tailslap          |     6 |    18 |    11 ||    35
       Whip              |       |       |    88 ||    88
Throw: Stone             |     1 |     4 |     7 ||    12
 Cast: Magic Dart        |    48 |    73 |    42 ||   163
       Searing Ray       |     2 |    24 |    42 ||    68
Evoke: Wand              |       |       |     1 ||     1
  Use: Scroll            |       |       |    12 ||    12
       Potion            |       |       |     4 ||     4
 Stab: Sleeping          |       |     4 |       ||     4
       Distracted        |       |       |     1 ||     1
  Eat: Chunk             |     2 |    16 |    10 ||    28
Armor: Skin              |    21 |    64 |    43 ||   128
Dodge: Dodged            |    52 |   129 |   113 ||   294
